 Dungeon Crawl Stone Soup version 0.30-a0-341-g682706514a (webtiles) character file.

Game seed: 10094366952663945131

32 koil the Ruffian (level 3, -6/29 HPs)
             Began as a Draconian Transmuter on Nov 4, 2022.
             Mangled by Terence
             ... wielding a +0 trident
              (13 damage)
             ... on level 2 of the Dungeon.
             The game lasted 00:02:19 (1179 turns).

koil the Ruffian (Draconian Transmuter)             Turns: 1179, Time: 00:02:20

Health: -6/29      AC:  5    Str: 14    XL:     3   Next: 10%
Magic:  6/6        EV: 12    Int: 13    God:
Gold:   152        SH:  0    Dex: 11    Spells: 3/6 levels left

rFire   . . .      SeeInvis .      - Unarmed
rCold   . . .      Faith    .    (no shield)
rNeg    . . .      Spirit   .    (body armour unavailable)
rPois   .          Reflect  .    (helmet currently unavailable)
rElec   .          Harm     .    (no cloak)
rCorr   .          Rampage  .    (no gloves)
Will    .....                    (boots currently unavailable)
Stlth   +.........               (no amulet)
HPRegen 0.24/turn                (no ring)
MPRegen 0.10/turn                (no ring)

@: appendages (expiring)
A: horns 2, talons 2, AC +5, unfitting armour, cold-blooded
a: End Transformation


You were on level 2 of the Dungeon.
You had temporarily grown beastly horns and talons.
You visited 1 branch of the dungeon, and saw 2 of its levels.

You collected 152 gold pieces.

Inventory:

Jewellery
 f - a ring of fire
Scrolls
 b - a scroll of magic mapping {unknown}
 d - a scroll of torment {unknown}
Potions
 a - a potion of lignification
 c - a potion of haste {unknown}
 e - a potion of might {unknown}
 g - 2 potions of flight {unknown}


   Skills:
 + Level 1.8 Fighting
 + Level 2.1 Dodging
 + Level 3.2 Unarmed Combat
 + Level 2.3 Spellcasting
 + Level 2.3 Transmutations


You had 3 spell levels left.
You knew the following spells:

 Your Spells              Type           Power      Damage    Failure   Level
a - Beastly Appendage     Tmut           14%        N/A       10%         1
b - Wereblood             Tmut           7%         N/A       14%         2

Your spell library contained the following spells:

 Spells                   Type           Power      Damage    Failure   Level
 Spider Form              Tmut/Pois      4%         N/A       41%         3
 Ice Form                 Ice/Tmut       4%         N/A       83%         4


Dungeon Overview and Level Annotations

Branches:
Dungeon (2/15)

Altars:

Annotations:
D:2 Terence


Innate Abilities, Weirdness & Mutations

You have temporarily grown beastly horns and talons.
Your plain brown scales are hard. (AC +5)
You cannot fit into any form of body armour.
You are cold-blooded and may be slowed by cold attacks.


Message History

You hit the ball python.
The ball python is heavily wounded.
The ball python bites you. The ball python barely misses you.
You hit the ball python.
You kill the ball python!
No target in view!
No target in view!
Found a stone staircase leading up.
g - 2 silvery potions
There is a stone staircase leading up here.
Found 2 boomerangs.
An endoplasm comes into view.
The endoplasm moves out of view.
The endoplasm freezes you.
You are frozen.
You hit the endoplasm.
You kill the endoplasm!
No target in view!
No target in view!
Found a stone staircase leading down.
You now have 147 gold pieces (gained 8).
You now have 152 gold pieces (gained 5).
Terence the Incautious comes into view.
He is wielding a +0 trident.
Terence shouts!
You grow a pair of large bovine horns.
Your feet morph into talons.
Terence drinks a potion.
Terence goes berserk!
Terence hits you from afar with a +0 trident.
Terence barely misses you.
Terence rages.
Terence hits you but does no damage.
Terence hits you from afar with a +0 trident!
Terence completely misses you.
Your transformation is almost over.
Terence rages.
Terence completely misses you.
Terence hits you from afar with a +0 trident!
* * * LOW HITPOINT WARNING * * *
Terence closely misses you.
Terence hits you from afar with a +0 trident!
You die...

..##..####... ...........##
#..... .. ###..........
.....###.. #[#...##...##
#....#....# ###.#.##.###
#.......... ....#.##.#
#............ ...##....##
#............
..##......#####..........#
.###..........@.@...>...###
..........#...#.........#.# #
..........#.##............#.#
....###.....#..##.#.........#
....#..........##.#..†.......
.....)##.#...###.............
#..####...............#......
..###.............##.## .....
...............##.##.# .#<.


You could see Terence (berserk).

Vanquished Creatures
  A worm (D:2)
  5 ball pythons
  2 endoplasms (D:2)
  4 giant cockroaches
  A goblin (D:1)
  2 hobgoblins (D:1)
  2 kobolds (D:1)
  2 quokkas
  4 bats (D:1)
  A frilled lizard (D:2)
  3 rats (D:1)
27 creatures vanquished.

Notes
Turn   | Place    | Note
-------+----------+-------------------------------------------
     0 | D:1      | koil the Draconian Transmuter began the quest for the Orb.
     0 | D:1      | Reached XP level 1. HP: 16/16 MP: 3/3
   250 | D:1      | Reached XP level 2. HP: 22/23 MP: 5/5
   253 | D:1      | Learned a level 2 spell: Wereblood
  1077 | D:2      | Reached XP level 3. HP: 29/29 MP: 6/6
  1160 | D:2      | Noticed Terence
  1179 | D:2      | Mangled by Terence

Illustrated notes

Levels and vault maps discovered:
D:1:      saegor_arrival_simple_c, layout_basic, amcnicky_mini_pool_small,
          minmay_unequal
D:2:      layout_rooms, serial_glass, glass_columns_c, glass_columns_b,
          item_on_display_a, serial_shops, shop, basic_altar,
          minmay_worlds_worst_comb, uniq_sigmund, uniq_terence

Skill      XL: |  1  2 |
---------------+-------+-----
Dodging        | 2 |  2.1
Fighting       | |  1.8
Unarmed Combat | |  3.2
Spellcasting   | |  2.3
Transmutations | |  2.3

Action                   || total
-------------------------++-------
Melee: Unarmed           ||    77
       Tailslap          ||     9
 Cast: Beastly Appendage ||     1
 Stab: Sleeping          ||     1
Armor: Skin              ||    21
Dodge: Dodged            ||    56

Table legend: (Time is in decaauts)
 A = Elapsed time spent in this place.
 B = Non-inter-level travel time spent in this place.
 C = Inter-level travel time spent in this place.
 D = Time resting spent in this place.
 E = Time spent auto-exploring this place.
 F = Levels seen in this place.
 G = Mean time per level.
                   A        B        C        D        E       F      G
               +--------+--------+--------+--------+--------+-----+--------+
         Total |   1173 |   1119 |     54 |      0 |    919 |   2 |  586.5 |
       Dungeon |   1173 |   1119 |     54 |      0 |    919 |   2 |  586.5 |
               +--------+--------+--------+--------+--------+-----+--------+

Top non-repeatable levels by time:
     D:1: 938 daAuts
     D:2: 234 daAuts
